cohdb
Replays
Latest Replays
All Replays
Popular Replays
Top Player Replays
Match Explorer
How It Works
Community
CoH3 Stats
Reddit
Sign in to upload your games and track your stats! →
Sign in with Steam
Match 45509203
Unlisted
Match 45509203
Overview
Messages
Build Orders
End
Panzergrenadier Squad
Selects Italian Infantry
Panzergrenadier Squad
250 Light Carrier
Construct Light Support Kompanie
Combat Half-tracks
2.5-tonne Medical Truck
Fire Support Elements
Pak 38 Mechanized Group
Selects Guastatori Squad
Guastatori Squad
Selects L6/40 Light Tank Combat Group
Selects Defensive Operations
Construct Panzerarmee Kommand
Panzer III L Medium Tank
Panzer III L Medium Tank
Emergency Repair Kits
Selects Prepared Positions
Flakvierling Half-track
Achilles Gaming @ YouTube
So1os
跳跳虎王
Gamer.MD
Scooter
jcu
VitMix
lamasroman580
0
0
Comments
sign in to comment!
No comments posted yet!